Map: Orbital Shipyard

Players

Elazer - Winner!

  • Race: Zerg Zerg
  • League: Grandmaster

Zanster

  • Race: Zerg Zerg

Event: 2016 WCS Winter Challenger Europe

VOD

Have the link to the VOD?

Description

Time

  • Played on: Feb. 13, 2016, 12:12 p.m.
  • Length: 3:26

All games in this series

Show
View Real Time Build Order
Export as new Build Order

Elazer Zerg - Winner!

Build Orders: Pool Only 

Get SALT Encoding   

  12  0:00  Drone  
  13  0:12  Drone  
  13  0:14  Extractor  
  13  0:27  Spawning Pool  
  12  0:31  Drone  
  13  0:35  Drone  
  14  0:42  Extractor  
  14  0:43  Drone  
  15  0:52  Overlord  
  15  1:14  Zergling x4  
  15  1:15  Queen  
  15  1:18  Zergling x2  
  20  1:26  Metabolic Boost  
  20  1:37  Zergling x2  
  21  1:50  Baneling Nest  
  21  1:53  Overlord  
  20  1:56  Zergling x2  
  20  2:00  Zergling x2  
  22  2:13  Zergling x2  
  23  2:22  Zergling x2  
  24  2:24  Zergling x6  
  27  2:33  Baneling x5  
  27  2:36  Zergling x2  
  28  2:44  Zergling x2  
  28  2:47  Baneling  
  29  2:54  Overlord  
  29  2:55  Zergling x2  
Show
View Real Time Build Order
Export as new Build Order

Zanster Zerg 

Build Orders: Pool First 

Get SALT Encoding   

  12  0:01  Drone  
  13  0:14  Overlord  
  13  0:18  Drone  
  14  0:32  Drone x2  
  16  0:36  Drone  
  17  0:46  Spawning Pool  
  17  0:48  Drone  
  17  0:52  Extractor  
  16  0:58  Drone  
  17  1:08  Drone  
  18  1:18  Hatchery  
  17  1:21  Drone  
  18  1:31  Drone  
  19  1:36  Queen  
  21  1:41  Zergling x2  
  22  1:51  Overlord  
  22  1:55  Metabolic Boost  
  22  2:12  Drone, Queen  
  22  2:13  Drone  
  26  2:23  Roach Warren  
  26  2:24  Drone  
  26  2:34  Zergling x4  
  28  2:37  Spine Crawler  
  26  2:47  Overlord  
  26  2:48  Zergling x2  
  27  3:01  Evolution Chamber  
  27  3:04  Roach  
  27  3:05  Roach  
Tags
 
Add a new tag
Caveats
  • Supply blocks, unpowered buildings, or Contaminate may cause inaccurate times.
  • Supply counts are checked every 10 seconds.